 Dungeon Crawl Stone Soup version 0.21.1-1-g345015fe64 (webtiles) character file.

114 NullDivider the Charlatan (level 4, 0/23 HPs)
             Began as a Spriggan Artificer on May 10, 2018.
             Slain by an orc
             ... wielding a +0 whip
              (3 damage)
             ... on level 3 of the Dungeon.
             The game lasted 00:11:06 (4154 turns).

NullDivider the Charlatan (Spriggan Artificer)      Turns: 4154, Time: 00:11:07

Health: 0/23       AC:  2    Str:  7 (8)  XL:     4   Next: 67%
Magic:  8/8        EV: 18    Int:  9 (12) God:
Gold:   142        SH:  0    Dex: 14 (17) Spells: 3/3 levels left

rFire    . . .     SeeInvis +   g - +3 dagger
rCold    . . .     Gourm    .   (shield restricted)
rNeg     . . .     Faith    .   b - +0 robe
rPois    .         Spirit   .   (helmet restricted)
rElec    .         Reflect  .   (no cloak)
rCorr    .         Harm     .   (gloves unavailable)
MR       .....                  (boots unavailable)
Stlth    ++........             (no amulet)
HPRegen  0.07/turn              (no ring)
MPRegen  0.11/turn              (no ring)

@: lethally poisoned (0 -> -4), very quick
A: very small, unfitting armour, see invisible, herbivore, speed 3, slow
metabolism 2
a: no special abilities


You were on level 3 of the Dungeon.
You were very hungry.

You visited 1 branch of the dungeon, and saw 3 of its levels.

You collected 142 gold pieces.

Inventory:

Hand Weapons
 a - a +0 dagger of venom
 g - a +3 dagger (weapon)
 i - a +0 hunting sling
 j - a +4 dagger
Armour
 b - a +0 robe (worn)
Wands
 c - a wand of flame (10)
 d - a wand of enslavement (15)
 e - a wand of random effects (6)
Scrolls
 h - 2 scrolls of amnesia {unknown}
Comestibles
 f - 3 rations


   Skills:
 * Level 2.0 Fighting
 * Level 2.9 Short Blades
 + Level 3.6 Dodging
 + Level 3.0 Stealth
 + Level 4.6 Evocations


You had 3 spell levels left.
You didn't know any spells.

Dungeon Overview and Level Annotations

Branches:
Dungeon (3/15)

Altars:


Innate Abilities, Weirdness & Mutations

You are very small and have problems with some larger weapons.
You are too small for most types of armour.
You have supernaturally acute eyesight. (SInv)
You are a herbivore.
You cover ground extremely quickly.
You need consume almost no food.


Message History

An orc comes into view. It is wielding a whip.
* * * LOW HITPOINT WARNING * * *
You feel sick.
Found a wand of flame (24).
You see here 18 stones.
A hobgoblin comes into view.
The hobgoblin shouts!
A giant cockroach comes into view.
You barely miss the orc.
* * * LOW HITPOINT WARNING * * *
You feel sick. The orc completely misses you.
You hit the orc.
The orc is heavily wounded.
You hit the orc.
The orc is heavily wounded.
The orc barely misses you.
You hit the orc.
The orc is almost dead.
The orc hits you with a whip.
You die...

..........#...#
....###.#...##....
#.##### ##......# #.##..
#..######
#.##.#####........
#.#...#.......>...
##............#....
...###.<....########†...
...g.s.@...(...# #.##.
...###.o....##.# ##.#..
#....#.##.####..#..
....../..##..##......
##.....#####......##.
####### ##......#.
#.......#. ####.......#.
#...(#.....#.


You could see an orc, a giant cockroach and a hobgoblin.

Vanquished Creatures
  6 adders (D:2)
  2 dart slugs (D:1)
  A leopard gecko (D:3)
  2 giant cockroaches
  4 goblins
  5 hobgoblins
  8 jackals
  3 quokkas
  4 bats
  A frilled lizard (D:3)
  10 kobolds
  7 rats
53 creatures vanquished.

Notes
Turn   | Place    | Note
-------+----------+-------------------------------------------
     0 | D:1      | NullDivider the Spriggan Artificer began the quest for the Orb.
     0 | D:1      | Reached XP level 1. HP: 9/9 MP: 4/4
   160 | D:1      | Reached skill level 1 in Fighting
   664 | D:1      | Reached XP level 2. HP: 10/14 MP: 6/6
  1864 | D:2      | Reached XP level 3. HP: 16/18 MP: 7/7
  2490 | D:2      | Reached XP level 4. HP: 21/23 MP: 8/8
  4154 | D:3      | Slain by an orc

Skill      XL: |  1  2  3  4 |
---------------+-------------+-----
Fighting       | 1 2 |  2.0
Stealth        | 2 3 |  3.0
Short Blades   | 2 |  2.9
Dodging        | |  3.6
Evocations     | |  4.6

Action                   |  1- 3 |  4- 6 || total
-------------------------+-------+-------++-------
Melee: Short sword       |   152 |    39 ||   191
       Dagger            |       |    31 ||    31
Evoke: Wand              |     7 |     7 ||    14
  Use: Potion            |       |     1 ||     1
 Stab: Sleeping          |     3 |     3 ||     6
       Paralysed         |       |     1 ||     1
Armor: Robe              |    11 |     6 ||    17
Dodge: Dodged            |   127 |    53 ||   180
